 Dungeon Crawl Stone Soup version 0.26.0-16-gc1dbca0489 (webtiles) character file.

Game seed: 16401277920089034126

127 kaeus the Firebug (level 5, 0/31 HPs)
             Began as an Octopode Fire Elementalist on Jan 22, 2021.
             Slain by an adder (5 damage)
             ... on level 3 of the Dungeon.
             The game lasted 00:03:52 (2209 turns).

kaeus the Firebug (Octopode Fire Elementalist)      Turns: 2209, Time: 00:03:53

Health: 0/31       AC:  1    Str:  8    XL:     5   Next: 11%
Magic:  6/8        EV: 13    Int: 18    God:
Gold:   141        SH:  0    Dex: 12    Spells: 3/8 levels left

rFire    . . .     SeeInvis .   i - +4 dagger (speed)
rCold    . . .     Faith    .   (no shield)
rNeg     . . .     Spirit   .   (helmet restricted)
rPois    .         Reflect  .   e - amulet of regeneration
rElec    .         Harm     .   (no ring)
rCorr    .         Rampage  .   (no ring)
Will     .....                  (no ring)
Stlth    +++.......             (no ring)
HPRegen  0.50/turn              (no ring)
MPRegen  0.11/turn              (no ring)
                                (no ring)
                                (no ring)

@: no status effects
A: almost no armour, stealthy swim, amphibious, 8 rings, constrict 8, camouflage
1, gelatinous body 1
a: no special abilities


You were on level 3 of the Dungeon.
You visited 1 branch of the dungeon, and saw 3 of its levels.

You collected 141 gold pieces.

Inventory:

Hand Weapons
 c - a +2 short sword of draining
 i - a +4 dagger of speed (weapon)
Jewellery
 e - an amulet of regeneration (around mantle)
 n - a cursed -4 ring of evasion {unknown}
Wands
 l - a wand of acid (5)
Scrolls
 d - a scroll of immolation {unknown}
 g - 2 scrolls of remove curse {unknown}
 j - 3 scrolls of identify {unknown}
 m - a scroll of blinking {unknown}
 o - a scroll of noise {unknown}
Potions
 a - 3 potions of brilliance {unknown}
 b - a potion of curing
 f - a potion of heal wounds {unknown}
 h - a potion of haste {unknown}
 k - 2 potions of lignification {unknown}


   Skills:
 + Level 2.5 Dodging
 + Level 3.7 Stealth
 + Level 2.4 Spellcasting
 * Level 2.5 Conjurations
 * Level 3.9 Fire Magic


You had 3 spell levels left.
You knew the following spells:

 Your Spells              Type           Power        Failure   Level
a - Foxfire               Conj/Fire      56%          4%          1
b - Sticky Flame          Conj/Fire      14%          41%         4

Your spell library contained the following spells:

 Spells                   Type           Power        Failure   Level
 Conjure Flame            Conj/Fire      14%          14%         3
 Inner Flame              Hex/Fire       9%           22%         3
 Fireball                 Conj/Fire      7%           77%         5


Dungeon Overview and Level Annotations

Branches:
Dungeon (3/15)

Altars:
Ru


Innate Abilities, Weirdness & Mutations

You cannot wear most types of armour.
You are very stealthy in the water. (Stealth+)
You are amphibious.
You can wear up to eight rings at the same time.
You can use your tentacles to constrict eight enemies at once.
Your skin changes colour to match your surroundings (Stealth+).
Your rubbery body absorbs attacks. (AC +1, EV +1)


Message History

You feel better. The adder barely misses you. The adder closely misses you.
You regained 6 hp, and now have 10/31 hp.
You are too injured to fight recklessly!
You are too injured to fight recklessly!
You are too injured to fight recklessly!
Casting: Foxfire (safe; 4% risk of failure)
Confirm with . or Enter, or press ? or * to list all spells.
You conjure some foxfire!
The adder bites you but does no damage. The adder barely misses you.
The orc barely misses you. The adder bites you.
* * * LOW HITPOINT WARNING * * *
You take 3 damage, and have 7/31 hp.
You now have 7/8 mp.
The foxfire hits the kobold but does no damage.
The foxfire hits the adder.
The adder is heavily wounded.
Casting: Foxfire (safe; 4% risk of failure)
Confirm with . or Enter, or press ? or * to list all spells.
You conjure some foxfire!
The adder bites you.
* * * LOW HITPOINT WARNING * * *
The orc barely misses you. The adder bites you.
You die...

..............##
#######.
...............##
#.......
................#
#.######
................#
.....#.)#.......#
......##?.......#
......##..(.....#
.....#..#.SoS...#
.....?....K@v...#
............v...#
........[.....##
....$.$.....##
..........##
.........##
........##
##++###


You could see 2 adders, an orc and a kobold.

Vanquished Creatures
  4 adders
  4 gnolls (D:3)
  An ooze (D:2)
  A dart slug (D:2)
  4 leopard geckos
  5 bats
  3 giant cockroaches (D:1)
  4 goblins
  3 hobgoblins
  4 jackals (D:2)
  A frilled lizard (D:1)
  6 kobolds
  2 rats
42 creatures vanquished.

Vanquished Creatures (others)
  A goblin (D:3)
  132 foxfires
133 creatures vanquished.

Grand Total: 175 creatures vanquished

Notes
Turn   | Place    | Note
-------+----------+-------------------------------------------
     0 | D:1      | kaeus the Octopode Fire Elementalist began the quest for
                  | the Orb.
     0 | D:1      | Reached XP level 1. HP: 11/11 MP: 3/3
   234 | D:1      | Reached XP level 2. HP: 17/17 MP: 0/5
   921 | D:1      | Reached XP level 3. HP: 21/21 MP: 3/6
  1279 | D:2      | Reached XP level 4. HP: 27/27 MP: 0/7
  1438 | D:2      | Learned a level 4 spell: Sticky Flame
  1895 | D:3      | Reached XP level 5. HP: 15/31 MP: 1/8
  1987 | D:3      | Noticed an ogre
  2077 | D:3      | Found a sacrificial altar of Ru.
  2204 | D:3      | HP: 1/31 [adder (2)]
  2209 | D:3      | Slain by an adder

Illustrated notes

Levels and vault maps discovered:
D:1:      zelgadis_glass_arrival_small, layout_loops_ring
D:2:      layout_rooms
D:3:      kennysheep_big_flooded_room, layout_basic, gup_sewer_entry_spiral,
          hangedman_ru_absence

Skill      XL: |  1  2  3 |
---------------+----------+-----
Stealth        | 3 |  3.7
Conjurations   | 2 |  2.5
Dodging        | |  2.5
Spellcasting   | |  2.4
Fire Magic     | |  3.9

Action                   |  1- 3 |  4- 6 || total
-------------------------+-------+-------++-------
Melee: Short sword       |     6 |       ||     6
       Constrict         |     4 |     7 ||    11
       Tentacles         |     1 |     6 ||     7
       Dagger            |     1 |    23 ||    24
 Cast: Foxfire           |    61 |    36 ||    97
  Use: Potion            |       |     2 ||     2
Armor: Skin              |     1 |    19 ||    20
Dodge: Dodged            |     4 |    93 ||    97
